 Dungeon Crawl Stone Soup version 0.30-a0-782-ge64f9170bb (webtiles) character file.

Game seed: 11490798851900221500

53 mopl the Sneak (level 3, -1/16 HPs)
             Began as a Vine Stalker Enchanter on Mar 13, 2023.
             Slain by a rat (2 damage)
             ... on level 2 of the Dungeon.
             The game lasted 00:01:29 (1129 turns).

mopl the Sneak (Vine Stalker Enchanter)             Turns: 1129, Time: 00:01:29

Health: -1/16      AC:  2    Str: 10    XL:     3   Next: 87%
Magic:  0/8        EV: 12    Int: 17    God:
Gold:   68         SH:  0    Dex: 14    Spells: 5/7 levels left

rFire   . . .      SeeInvis .    a - +1 dagger
rCold   . . .      Faith    .    (no shield)
rNeg    . . .      Spirit   +    b - +0 robe
rPois   .          Reflect  .    (no helmet)
rElec   .          Harm     .    (no cloak)
rCorr   .          Rampage  .    (no gloves)
Will    .....                    (no boots)
Stlth   +++                      l - amulet of regeneration
HPRegen 1.02/turn                i - ring of wizardry
MPRegen 0.11/turn                n - ring of wizardry

@: mighty, lethally poisoned (-1 -> -2)
A: fangs 2, magic shield, antimagic bite, no potion heal 2
a: no special abilities


You were on level 2 of the Dungeon.
You visited 1 branch of the dungeon, and saw 2 of its levels.

You collected 68 gold pieces.

Inventory:

Hand Weapons
 a - a +1 dagger (weapon)
 o - a +0 rapier
Missiles
 h - 2 poisoned darts
Armour
 b - a +0 robe (worn)
Magical Staves
 j - a staff of poison
Jewellery
 i - a ring of wizardry (left hand)
 l - an amulet of regeneration (around neck)
 n - a ring of wizardry (right hand)
Scrolls
 d - 2 scrolls of poison {unknown}
 m - 3 scrolls of noise {unknown}
 p - a scroll of amnesia {unknown}
Potions
 c - 2 potions of invisibility
 e - a potion of curing {unknown}
 f - a potion of haste {unknown}
 g - a potion of attraction {unknown}
 k - a potion of might


   Skills:
 + Level 1.6 Short Blades
 - Level 1.5 Dodging
 + Level 4.3 Stealth
 + Level 2.8 Spellcasting
 + Level 3.4 Hexes


You had 5 spell levels left.
You knew the following spells:

 Your Spells              Type           Power      Damage    Failure   Level
b - Ensorcelled Hibernat  Hex/Ice        16%        N/A       3%          2

Your spell library contained the following spells:

 Spells                   Type           Power      Damage    Failure   Level
 Confusing Touch          Hex            14%        N/A       3%          3
 Tukima's Dance           Hex            14%        N/A       3%          3
 Dazzling Flash           Conj/Hex       16%        N/A       7%          3
 Inner Flame              Hex/Fire       8%         N/A       7%          3
 Flame Wave               Conj/Fire      2%         2d4       41%         4
 Sticky Flame             Conj/Fire      2%         2d3       41%         4


Dungeon Overview and Level Annotations

Branches:
Dungeon (2/15)

Altars:


Innate Abilities, Weirdness & Mutations

You have extremely sharp teeth.
When hurt, damage is shared between your health and your magic reserves.
Your bite disrupts and absorbs the magic of your enemies.
Potions cannot restore your health.


Message History

You are too injured to fight recklessly!
You are too injured to fight recklessly!
You feel sick. The adder bites you. The adder attacks as you move away!
The adder misses you.
You feel sick. The adder bites you.
You are more poisoned.
The adder poisons you! The adder attacks as you move away! The adder bites you.
You feel sick. The goblin attacks as you move away! The goblin misses you.
You feel sick.
You closely miss the adder.
The adder is heavily wounded.
You feel sick. The adder misses you. The adder barely misses you.
You hit the adder.
The adder is heavily wounded.
You feel sick. The adder bites you.
* * * LOW HITPOINT WARNING * * *
You are lethally poisoned!
The adder poisons you!
You hit the adder. Your bite misses the adder.
The adder is heavily wounded.
* * * LOW HITPOINT WARNING * * *
You feel sick. The adder bites you but does no damage.
Casting: Ensorcelled Hibernation (safe; 4% risk of failure)
Confirm with . or Enter, or press ? or * to list all spells.
Aiming: Ensorcelled Hibernation (safe; 4% risk of failure)
Press: ? - help, Shift-Dir - straight line, f - adder
Aim: an adder (heavily wounded, chance to affect: 50%)
The adder looks drowsy...
* * * LOW HITPOINT WARNING * * *
You feel sick.
The helpless adder fails to defend itself.
You puncture the adder!
You kill the adder!
* * * LOW HITPOINT WARNING * * *
You feel sick.
It was a potion of might.
You feel very mighty all of a sudden.
* * * LOW HITPOINT WARNING * * *
You feel sick. The rat bites you.
You die...

................. ... #.#
###....#####.### ...# #.#
##....####.### ...(## #.#
#.....†..†...
:.....###.######....####.###
...............>.......#.###
....#.......................
......)..g####............##
./........r@.####...###.#.#.
......######................
..... ######...###..... ....
##.## #..... ... #.# ##....
.. ###.#####.... #
#..........<. ...#####.....
#. #.#...


You could see a goblin and a rat.

Vanquished Creatures
  An adder (D:2)
  A worm (D:2)
  3 ball pythons
  7 bats
  2 endoplasms
  2 giant cockroaches
  3 goblins (D:2)
  6 hobgoblins
  A jackal (D:1)
  3 quokkas
  2 kobolds
  2 rats (D:2)
33 creatures vanquished.

Notes
Turn   | Place    | Note
-------+----------+-------------------------------------------
     0 | D:1      | mopl the Vine Stalker Enchanter began the quest for the
                  | Orb.
     0 | D:1      | Reached XP level 1. HP: 9/9 MP: 4/4
    47 | D:1      | Reached skill level 1 in Short Blades
   126 | D:1      | Reached XP level 2. HP: 13/13 MP: 6/6
   132 | D:1      | Learned a level 2 spell: Ensorcelled Hibernation
   417 | D:1      | Reached skill level 4 in Stealth
   863 | D:2      | Reached XP level 3. HP: 16/16 MP: 7/7
  1129 | D:2      | Slain by a rat

Illustrated notes

Levels and vault maps discovered:
D:1:      dpeg_arrival_brainrot, layout_basic, serial_park_tiny_pond,
          minmay_circled_x
D:2:      layout_loops_ring

Skill      XL: |  1  2 |
---------------+-------+-----
Short Blades   | 1 |  1.6
Stealth        | 4 |  4.3
Dodging        | |  1.5
Spellcasting   | |  2.8
Hexes          | |  3.4

Action                     || total
---------------------------++-------
  Melee: Dagger            ||   120
         Bite              ||    29
   Cast: Ensorcelled Hiber ||     1
    Use: Potion            ||     1
   Stab: Sleeping          ||     7
 Armour: Robe              ||    27
  Dodge: Dodged            ||   105

Table legend: (Time is in decaauts)
 A = Elapsed time spent in this place.
 B = Non-inter-level travel time spent in this place.
 C = Inter-level travel time spent in this place.
 D = Time resting spent in this place.
 E = Time spent auto-exploring this place.
 F = Levels seen in this place.
 G = Mean time per level.
                   A        B        C        D        E       F      G
               +--------+--------+--------+--------+--------+-----+--------+
         Total |   1120 |   1097 |     23 |      0 |    827 |   2 |  560.0 |
       Dungeon |   1120 |   1097 |     23 |      0 |    827 |   2 |  560.0 |
               +--------+--------+--------+--------+--------+-----+--------+

Top non-repeatable levels by time:
     D:1: 793 daAuts
     D:2: 327 daAuts
